 Dungeon Crawl Stone Soup version 0.32-a0-871-ge202e49faa (webtiles) character file.

Game seed: 6138847687987395546

688 KennySheep the Cudgeller (level 7, -1/83 HPs)
             Began as an Oni Gladiator on Mar 30, 2024.
             Was an Initiate of Yredelemnul.
             Slain by a gnoll sergeant
             ... wielding a +0 spear
              (9 damage)
             ... on level 5 of the Dungeon.
             The game lasted 00:07:49 (4109 turns).

KennySheep the Cudgeller (Oni Gladiator)            Turns: 4109, Time: 00:07:50

Health: -1/83      AC:  3    Str: 25    XL:     7   Next: 63%
Magic:  0/7        EV:  9    Int:  8    God:    Yredelemnul [......]
Gold:   158        SH:  0    Dex:  9    Spells: 6/6 levels left

rFire   . . .        a - +1 flail
rCold   . . .        (no shield)
rNeg    + . .        b - +0 robe
rPois   .            c - +0 hat
rElec   .            (no cloak)
rCorr   .            (gloves unavailable)
SInv    .            (boots unavailable)
Will    .....        m - amulet of guardian spirit
Stlth   +            k - ring of flight
HPRegen 0.33/turn    t - ring of positive energy
MPRegen 0.10/turn

%: guardian spirit
@: flying, wreathed by umbra
A: large, unfitting armour, horns 1, tough skin 1, double potion healing,
drunken brawling, robust 1, strong 1
a: Renounce Religion, Light the Black Torch, Recall Undead Harvest


You were on level 5 of the Dungeon.
You worshipped Yredelemnul.
Yredelemnul was noncommittal.
You visited 1 branch of the dungeon, and saw 5 of its levels.

You collected 158 gold pieces.

Inventory:

Hand Weapons
 a - a +1 flail (weapon)
Missiles
 d - 3 throwing nets (quivered)
 e - a large rock
Armour
 b - a +0 robe (worn)
 c - a +0 hat (worn)
Jewellery
 j - a ring of positive energy
 k - a ring of flight (left hand)
 m - an amulet of guardian spirit (around neck)
 t - a ring of positive energy (right hand)
Wands
 p - a wand of acid (5)
Scrolls
 g - a scroll of silence
 h - 2 scrolls of noise
 i - a scroll of fog
 l - a scroll of teleportation {unknown}
 n - 2 scrolls of blinking {unknown}
 o - a scroll of enchant weapon
 q - a scroll of immolation {unknown}
 r - a scroll of amnesia {unknown}
 u - a scroll of revelation {unknown}
Potions
 f - 2 potions of degeneration
 s - a potion of enlightenment
 v - a potion of ambrosia
 x - a potion of mutation
 z - a potion of lignification


   Skills:
 + Level 6.4 Fighting
 * Level 7.1 Maces & Flails
 - Level 2.0 Throwing
 - Level 3.2 Dodging


You had 6 spell levels left.
You didn't know any spells.
Your spell library contained the following spells:

 Spells                   Type           Power      Damage    Failure   Level
 Magic Dart               Conj           0%         1d3       41%         1
 Searing Ray              Conj           0%         2d4       54%         2
 Frozen Ramparts          Ice            0%         1d1       78%         3
 Ozocubu's Armour         Ice            0%         N/A       78%         3
 Fulminant Prism          Conj/Alch      0%         3d5       99%         4
 Metabolic Englaciation   Hex/Ice        0%         N/A       100%        5


Dungeon Overview and Level Annotations

Branches:
Dungeon (5/15)
 Temple: D:4-7

Altars:
Yredelemnul

Shops:
D:2 !

Annotations:
D:5 Blork the orc


Innate Abilities, Weirdness & Mutations

You are too large for most types of armour.
You have a pair of small horns on your head.
You have tough skin. (AC +1)
You gain doubled healing and magic from potions.
Whenever you drink a healing potion, you attack all around you.
You are robust. (+10% HP)
Your muscles are strong. (Str +4, Int/Dex -1)


Message History

Blork the orc hits you but does no damage.
You take a swig of the potion and twirl your +1 flail.
You closely miss the adder.
The adder is lightly wounded.
You hit Blork the orc. Your headbutt misses Blork the orc.
Blork the orc is severely wounded.
You savour every drop.
You feel much better.
You feel sick. The adder closely misses you.
Your gnoll zombie closely misses the gnoll.
The gnoll sergeant barely misses you.
Blork the orc gestures at you while chanting.
The magic dart hits you!
The gnoll hits you from afar with a +0 halberd!
The adder barely misses you.
You hit Blork the orc but do no damage.
You headbutt Blork the orc, but do no damage.
Blork the orc is severely wounded.
You feel sick. The adder bites you but does no damage.
The gnoll sergeant hits you from afar with a +0 spear!
The gnoll hits you from afar with a +0 halberd!
Blork the orc hits you with a +0 long sword!
* * * LOW HITPOINT WARNING * * *
Your gnoll zombie closely misses the gnoll.
It was a potion of mutation.
You feel extremely strange.
You feel robust.
You feel stronger.
You feel sick. The adder bites you.
* * * LOW HITPOINT WARNING * * *
The gnoll sergeant hits you from afar with a +0 spear!
* * * LOW HITPOINT WARNING * * *
The gnoll closely misses you. Blork the orc barely misses you.
Your gnoll zombie hits the gnoll.
Okay, then.
You hit Blork the orc. Your headbutt misses Blork the orc.
Blork the orc is severely wounded.
You feel sick.
You are no longer poisoned.
The adder bites you but does no damage.
The gnoll sergeant hits you from afar with a +0 spear!
You die...
Your body rises from the dead as a mindless zombie.

............. ....
.#...........##....
##................#
...........(....##
#.........<.....#$
#....Z............
#.....gg.!........
#..oSgg.........
##.@###.........
#### #.........
##........
#........ #...!#...
....#.. ..##


You could see Blork the orc, a gnoll sergeant, 3 gnolls, an adder and a friendly
gnoll zombie.

Vanquished Creatures
  Grinder (D:3)
  Sigmund (D:2)
  A kobold brigand (D:4)
  A bombardier beetle (D:4)
  A sleepcap (D:5)
  Natasha (thrice) (D:2)
  A gnoll (D:5)
  An adder (D:2)
  5 dart slugs
  2 ribbon worms
  An orc (D:3)
  5 bats
  6 endoplasms
  5 giant cockroaches
  6 hobgoblins
  6 jackals
  4 kobolds
  A quokka (D:2)
  2 frilled lizards
  4 goblins
  13 rats
70 creatures vanquished.

Vanquished Creatures (collateral kills)
  A hound (D:4)
  An orc (D:4)
  A ball python (D:4)
3 creatures vanquished.

Grand Total: 73 creatures vanquished

Notes
Turn   | Place    | Note
-------+----------+-------------------------------------------
     0 | D:1      | KennySheep the Oni Gladiator began the quest for the Orb.
     0 | D:1      | Reached XP level 1. HP: 22/22 MP: 1/1
    47 | D:1      | HP: 1/22 [frozen (1)]
   254 | D:1      | Reached XP level 2. HP: 31/31 MP: 2/2
   431 | D:1      | Reached XP level 3. HP: 3/37 MP: 3/3
  1372 | D:2      | Noticed Natasha
  1377 | D:2      | Killed Natasha
  1378 | D:2      | Reached skill level 4 in Maces & Flails
  1378 | D:2      | Reached XP level 4. HP: 29/48 MP: 2/4
  1588 | D:2      | Noticed Sigmund
  1623 | D:2      | Killed Sigmund
  1624 | D:2      | Reached skill level 5 in Maces & Flails
  1624 | D:2      | Reached XP level 5. HP: 34/55 MP: 3/5
  1624 | D:2      | Reached XP level 6. HP: 40/65 MP: 3/6
  1795 | D:2      | Found Jumozem's Distillery.
  1947 | D:2      | Noticed Natasha
  1954 | D:2      | Killed Natasha
  1955 | D:2      | Reached skill level 5 in Fighting
  1964 | D:2      | Noticed Natasha
  1968 | D:2      | Killed Natasha
  2039 | D:3      | Noticed Grinder
  2052 | D:3      | Killed Grinder
  2053 | D:3      | Reached skill level 6 in Maces & Flails
  2053 | D:3      | Reached XP level 7. HP: 39/74 MP: 3/7
  2552 | D:3      | Found a basalt altar of Yredelemnul.
  2747 | D:3      | Became a worshipper of Yredelemnul the Fallen
  4072 | D:4      | Reached skill level 7 in Maces & Flails
  4086 | D:5      | Entered Level 5 of the Dungeon
  4086 | D:5      | Noticed Blork the orc
  4108 | D:5      | Gained mutation: You are robust. (+10% HP) [potion of
                  | mutation]
  4108 | D:5      | Gained mutation: Your muscles are strong. (Str +4, Int/Dex
                  | -1) [potion of mutation]
  4109 | D:5      | Slain by a gnoll sergeant

Illustrated notes

Levels and vault maps discovered:
D:1:      dpeg_arrival_ratfight, layout_basic, due_unseen_surprise
D:2:      layout_basic, serial_shops, nicolae_shop_tiny_real_fake_doors,
          uniq_sigmund, uniq_natasha
D:3:      layout_loops_ring, yredelemnul_altar_generic, uniq_grinder
D:4:      layout_layer_cave
D:5:      layout_cave_pools, kennysheep_okawaru_gauntlet, uniq_blork_the_orc,
          uniq_eustachio

Skill      XL: |  1  2  3  4  5  6  7 |
---------------+----------------------+-----
Fighting       | 3 4 5 6 |  6.4
Dodging        | 3 |  3.2
Maces & Flails | 4 5 6 7 |  7.1
Throwing       | |  2.0

Action                     |  1- 3 |  4- 6 |  7- 9 || total
---------------------------+-------+-------+-------++-------
  Melee: Flail             |    88 |    61 |    82 ||   231
         Headbutt          |    11 |     9 |    14 ||    34
 Invoke: Light the Black T |       |       |     2 ||     2
    Use: Potion            |     1 |     4 |     4 ||     9
         Scroll            |       |     4 |       ||     4
   Stab: Sleeping          |       |     1 |       ||     1
 Armour: Robe              |    79 |    33 |    96 ||   208
         Skin              |       |     5 |       ||     5
  Dodge: Dodged            |    67 |    26 |    67 ||   160

Table legend: (Time is in decaauts)
 A = Elapsed time spent in this place.
 B = Non-inter-level travel time spent in this place.
 C = Inter-level travel time spent in this place.
 D = Time resting spent in this place.
 E = Time spent auto-exploring this place.
 F = Levels seen in this place.
 G = Mean time per level.
                   A        B        C        D        E       F      G
               +--------+--------+--------+--------+--------+-----+--------+
         Total |   4163 |   4055 |    108 |    578 |   2895 |   5 |  832.6 |
       Dungeon |   4163 |   4055 |    108 |    578 |   2895 |   5 |  832.6 |
               +--------+--------+--------+--------+--------+-----+--------+

Top non-repeatable levels by time:
     D:4: 1310 daAuts
     D:2: 1044 daAuts
     D:1: 1016 daAuts
     D:3: 769 daAuts
     D:5: 23 daAuts
